 Dungeon Crawl Stone Soup version 0.20.1-1-g8b1a95d (webtiles) character file.

53 Jannitor the Vexing (level 3, -7/20 HPs)
             Began as a Deep Elf Arcane Marksman on Sept 24, 2017.
             Killed by divine providence
             ... invoked by an orc priest
              (11 damage)
             ... on level 3 of the Dungeon.
             The game lasted 00:02:57 (1442 turns).

Jannitor the Vexing (Deep Elf Arcane Marksman)      Turns: 1442, Time: 00:02:58

Health: -7/20      AC:  2    Str:  7    XL:     3   Next: 62%
Magic:  6/7        EV: 13    Int: 17    God:
Gold:   172        SH:  0    Dex: 16    Spells: 2/5 levels left

rFire    . . .     SeeInvis .   a - +0 shortbow
rCold    . . .     Gourm    .   (shield currently unavailable)
rNeg     . . .     Faith    .   e - +0 robe
rPois    .         Spirit   .   (no helmet)
rElec    .         Reflect  .   (no cloak)
rCorr    .         Harm     .   (no gloves)
MR       .....                  (no boots)
Stlth    ++........             (no amulet)
Regen    0.1/turn               k - ring of flight
MPRegen  0.1/turn               (no ring)

@: no status effects
A: no striking features
a: Evoke Flight


You were on level 3 of the Dungeon.
You were not hungry.

You visited 1 branch of the dungeon, and saw 3 of its levels.

You collected 172 gold pieces.

Inventory:

Hand Weapons
 a - a +0 shortbow (weapon)
 n - a cursed -1 dagger
Missiles
 d - 22 arrows (quivered)
Armour
 e - a +0 robe (worn)
Jewellery
 k - a ring of flight (left hand)
Scrolls
 h - 2 scrolls of identify {unknown}
 j - 2 scrolls of remove curse {unknown}
Potions
 b - 2 potions of curing {unknown}
 g - 2 potions of heal wounds {unknown}
 l - a potion of might {unknown}
 m - 2 potions of ambrosia {unknown}
 o - a potion of resistance {unknown}
Books
 c - a book of Debilitation

   Spells                             Type                      Level
   a - Corona                         Hexes                        1
   b - Slow                           Hexes                        2
   c - Inner Flame                    Hexes/Fire                   3
   d - Portal Projectile              Hexes/Translocation          3
   e - Cause Fear                     Hexes                        4
   f - Leda's Liquefaction            Hexes/Earth                  4
Comestibles
 f - 3 bread rations
 i - 2 meat rations


   Skills:
 + Level 1.3 Fighting
 + Level 2.5 Bows
 + Level 2.8 Dodging
 + Level 2.4 Stealth
 - Level 1.5 Spellcasting
 + Level 4.6 Hexes


You had 2 spell levels left.
You knew the following spells:

 Your Spells              Type           Power        Failure   Level  Hunger
a - Corona                Hex            ###....      3%          1    ##.....
b - Slow                  Hex            ###.....     4%          2    ###....


Dungeon Overview and Level Annotations

Branches:
Dungeon (3/15)

Altars:
The Shining One


Message History

Ouch! That really hurt!
* * * LOW HITPOINT WARNING * * *
You are too injured to fight recklessly!
You are too injured to fight recklessly!
Unknown command.
Firing (i - inventory):
d - 24 arrows (quivered)
Press: ? - help, Shift-Dir - straight line, f/p - orc priest
Aim: an orc priest, wielding a dagger and wearing a leather armour (heavily wounded, softly glowing)
You shoot an arrow.
The arrow hits the orc priest but does no damage.
The orc priest is heavily wounded.
The orc priest closely misses you. The orc priest misses you.
Firing (i - inventory):
d - 23 arrows (quivered)
Press: ? - help, Shift-Dir - straight line, f/p - orc priest
Aim: an orc priest, wielding a dagger and wearing a leather armour (heavily wounded, softly glowing)
You shoot an arrow. The arrow barely misses the orc priest.
The orc priest calls down the wrath of Beogh upon you.
Beogh smites you!
Ouch! That really hurt!
You die...

#########
#........
#.......$
#........
#.......(
#....(.(.
#######@o...(..
#..............
#......#.######
.######......#.#
.............[.#
##..##......### .
.#...####.##.....
..
...[..##..#######
## ##.(.....##
####


You could see an orc priest.

Vanquished Creatures
  An adder (D:2)
  An ooze (D:1)
  A dart slug (D:2)
  2 orcs (D:3)
  4 goblins
  6 hobgoblins
  3 jackals (D:2)
  A ball python (D:2)
  7 bats
  4 frilled lizards
  2 kobolds
  5 rats
37 creatures vanquished.

Notes
Turn   | Place    | Note
-------+----------+-------------------------------------------
     0 | D:1      | Jannitor the Deep Elf Arcane Marksman began the quest for the Orb.
     0 | D:1      | Reached XP level 1. HP: 11/11 MP: 5/5
    92 | D:1      | Reached skill level 1 in Fighting
   114 | D:1      | Reached skill level 1 in Stealth
   118 | D:1      | Reached XP level 2. HP: 16/16 MP: 6/6
   122 | D:1      | Learned a level 2 spell: Slow
   946 | D:2      | Reached XP level 3. HP: 20/20 MP: 7/7
  1006 | D:2      | Found a glowing golden altar of the Shining One.
  1442 | D:3      | Killed from afar by an orc priest

Skill      XL: |  1  2 |
---------------+-------+-----
Fighting       | 1 |  1.3
Stealth        | 1 2 |  2.4
Bows           | |  2.5
Dodging        | |  2.8
Spellcasting   | |  1.5
Hexes          | |  4.6

Action                   || total
-------------------------++-------
 Fire: Shortbow          ||   109
 Cast: Corona            ||     6
       Slow              ||     4
  Eat: Chunk             ||     2
Armor: Robe              ||     7
Dodge: Dodged            ||    24
